Celery, chaotic female sylph Rogue -- --.- - |...-- ....%.$#- --- k.. .%!.---..| .. .......-- |.----......| |.Ef.l.)f...| --------....| -..- |..| Celery the Cutpurse Experience level: 4 Strength: 14 Dexterity: 20 Constitution: 16 Intelligence: 8 Wisdom: 9 Charisma: 9 Health: 0(43) Energy: 18(18) Def: 0 Gold: 256 Moves: 3723 Dungeon seed: GHDLkVfvqzwEsGPQ Game ID: Celery_1469729318 Your Inventory: Coins $ - 256 gold pieces Weapons b - an uncursed +0 dagger named digger (weapon in hand) F - 7 uncursed +0 daggers (in quiver) Q - a blessed +1 dagger Armor e - an uncursed +0 dwarvish cloak (being worn) Comestibles m - 3 uncursed lichen corpses q - an uncursed cream pie v - an uncursed food ration Potions c - an uncursed potion of sickness H - an uncursed potion of healing Rings p - an uncursed ring of regeneration B - an uncursed +2 ring of adornment D - an uncursed +1 ring of adornment Wands h - an uncursed wand of opening (0:3) t - an uncursed wand of nothing (0:6) C - an uncursed wand of create monster (0:13) Tools d - an uncursed lock pick f - an uncursed sack g - an uncursed blindfold P - an uncursed tallow candle (0:200) Gems n - an uncursed worthless piece of white glass Contents of the sack: an uncursed scroll of earth an uncursed scroll of food detection an uncursed scroll of light an uncursed scroll of magic mapping a blessed spellbook of polymorph Spells and supernatural/magical abilities: Name Level Category Fail Memory P - polymorph 6 matter 100% 91% W - pray for help -- divine ? -- Your skills at the end: Miscellaneous Skills wands [Basic] Weapon Skills dagger [Basic] short sword [Basic] Spellcasting Skills healing spells [Basic] Final Attributes: You were piously aligned. You saw invisible. You were stealthy. You were protected from shape changers. You were unlucky. Kos was angry with you. You are dead. Vanquished creatures: a floating eye a dwarf a kobold lord an iguana 3 giant bats a wererat 2 coyotes 2 gas spores 4 hobbits an acid blob 12 geckos 2 cave spiders a yellow mold a green mold a gnome 2 gnome zombies a fox 3 newts 3 sewer rats 7 grid bugs 2 bats 6 lichens 2 kobold zombies 60 creatures vanquished. Voluntary challenges: You followed a strict vegan diet. You had did not eat until turn 2039. You used a wielded weapon 80 times, starting on turn 161. You did not apply a unicorn horn. You read items or engraved 51 times, starting on turn 1815. You never genocided any monsters. You never polymorphed an object. You never changed form. You used no wishes. You never split a pudding. You never wrote Elbereth's name. You never violated your personal moral code. Dungeon overview: The Dungeons of Doom: levels 1 to 2 Level 1 a fountain a long staircase Level 2 a general store, an altar to Mog stairs to The Gnomish Mines The Gnomish Mines: levels 3 to 4 Level 3 stairs to The Dungeons of Doom Level 4 <- You were here History has recorded: On T:1 you entered the Dungeons of Doom to retrieve the Amulet of Yendor! On T:440 you reached level 2 of The Dungeons of Doom. On T:682 you advanced to experience level 2. On T:1990 you advanced to experience level 3. On T:2276 you advanced to experience level 4. On T:3697 you reached level 1 of The Gnomish Mines. On T:3706 you reached level 2 of The Gnomish Mines. Score breakdown: Gold: 256 ( 25 points) Experience: 4 levels ( 300 points) Exploration: 4 levels ( 90 points) Discoveries: 6 items ( 300 points) Variety of kills: 23 monsters ( 1150 points) Major goal: (nothing yet) ( 0 points) Survival: died (score multiplied by 3) Total score: 5595 Latest messages: You stab Taco. Taco bites! You see here a dagger. Taco bites! You stab the hobbit. The baby crocodile bites! The hobbit thrusts her dagger. The hobbit stabs you! You stab the hobbit. The hobbit thrusts her dagger. The hobbit stabs you! You kill the hobbit! The baby crocodile bites! You kill the hobbit! The kitten bites! Q - a dagger. The kitten bites! The baby crocodile bites! The kitten bites! There are a few objects here. The kitten bites! The baby crocodile bites! The kitten bites! (3x) You stab the kitten. The kitten bites! You die... Final status: Goodbye Celery the Rogue, killed by a kitten... You died in The Gnomish Mines on dungeon level 4 with 5595 points, and 256 pieces of gold, after 3723 moves. You were level 4 with a maximum of 43 hit points when you died.